 Dungeon Crawl Stone Soup version 0.30.1-3-gfc49f6343a (webtiles) character file.

Game seed: 14302924994786997575

1928 Bronimir the Grave Robber (level 8, -7/53 (57) HPs)
             Began as a Demonspawn Necromancer on July 29, 2023.
             Was an Initiate of Yredelemnul.
             Mangled by a wight
             ... wielding a +3 battleaxe
              (13 damage)
             ... on level 6 of the Dungeon.
             The game lasted 00:28:23 (7317 turns).

Bronimir the Grave Robber (Demonspawn Necromancer)  Turns: 7317, Time: 00:28:24

HP:   -7/53 (57)    AC:  9    Str:  8    XL:     8   Next: 96%
MP:   26/26         EV: 13    Int: 20    God:    Yredelemnul [......]
Gold: 1186          SH:  0    Dex: 13    Spells: 6/19 levels left

rFire   . . .        z - +0 glaive
rCold   . . .        (shield currently unavailable)
rNeg    . . .        t - +2 robe {Will+}
rPois   .            (helmet restricted)
rElec   .            i - +2 cloak
rCorr   +            (no gloves)
SInv    .            (no boots)
Will    +....        m - amulet of the acrobat
Stlth   ++           q - ring of magical power
HPRegen 0.28/turn    s - ring of resist corrosion
MPRegen 0.20/turn

%: acrobat
@: drained
A: antennae 1, molten scales 1, demonic guardian 2
a: Renounce Religion, Recall Undead Harvest


You were on level 6 of the Dungeon.
You worshipped Yredelemnul.
Yredelemnul was noncommittal.
You visited 2 branches of the dungeon, and saw 7 of its levels.
You also visited: Ossuary.

You collected 1186 gold pieces.

Inventory:

Hand Weapons
 g - a +2 sling of draining
 p - a +3 dagger of protection
 z - a +0 glaive (weapon)
 O - a +1 hand axe of freezing
Missiles
 d - 6 poisoned darts
 D - 20 stones
Armour
 i - a +2 cloak (worn)
 t - a +2 robe of willpower (worn)
Jewellery
 m - an amulet of the acrobat (around neck)
 q - a ring of magical power (left hand)
 s - a ring of resist corrosion (right hand)
 y - an amulet of guardian spirit
 A - a ring of fire
Scrolls
 e - 3 scrolls of teleportation
 v - 3 scrolls of butterflies {unknown}
 w - a scroll of blinking {unknown}
 x - 2 scrolls of fear {unknown}
 B - 2 scrolls of immolation {unknown}
 C - a scroll of amnesia {unknown}
 F - 2 scrolls of noise {unknown}
 G - 5 scrolls of identify {unknown}
 K - a scroll of brand weapon {unknown}
 M - a scroll of magic mapping {unknown}
 P - a scroll of enchant weapon
Potions
 b - 2 potions of magic
 c - 3 potions of attraction
 j - a potion of cancellation
 k - a potion of might {unknown}
 l - a potion of lignification {unknown}
 E - 2 potions of flight
 H - 3 potions of curing
 I - a potion of haste {unknown}
 J - a potion of mutation {unknown}
 L - a potion of invisibility {unknown}


   Skills:
 + Level 2.6 Fighting
 + Level 0.2 Short Blades
 + Level 4.3 Polearms
 * Level 4.2 Dodging
 + Level 2.4 Stealth
 * Level 6.1 Spellcasting
 * Level 7.7 Necromancy
 * Level 2.4 Invocations


You had 6 spell levels left.
You knew the following spells:

 Your Spells              Type           Power      Damage    Failure   Level
a - Necrotise             Necr           100%       1d9       1%          1
b - Vampiric Draining     Necr           37%        2d8       1%          3
c - Animate Dead          Necr           37%        N/A       4%          4
d - Agony                 Necr           37%        N/A       12%         5

Your spell library contained the following spells:

 Spells                   Type           Power      Damage    Failure   Level
 Apportation              Tloc           12%        N/A       11%         1
 Blink                    Tloc           12%        N/A       16%         2
 Manifold Assault         Tloc           6%         N/A       71%         4
 Alistair's Intoxication  Tmut/Pois      4%         N/A       96%         5
 Storm Form               Tmut/Air       3%         N/A       100%        7


Dungeon Overview and Level Annotations

Branches:
Dungeon (6/15)             Temple (1/1) D:4         Ossuary (visited)

Altars:
Ashenzari
Cheibriados
Dithmenos
Fedhas
Gozag
Hepliaklqana
Kikubaaqudgha
Okawaru
Qazlal
Ru
Sif Muna
Trog
Uskayaw
Vehumet
Wu Jian
Yredelemnul

Annotations:
D:3 2 runed translucent doors, cdecastro's ghost, weakling AtWr
D:5 rozman's ghost, amateur AtTm


Innate Abilities, Weirdness & Mutations

You have a pair of small antennae on your head.
You are partially covered in molten scales. (AC +2)
A demonic guardian rushes to your aid.


Message History

You barely miss the wight.
The wight is heavily damaged.
The wight hits you with a +0 great sword.
You feel drained.
You slash the wight!
You destroy the wight!
The wight closely misses you.
You hit the wight but do no damage.
The wight hits you with a +2 dire flail.
You feel drained.
A sleepcap comes into view.
You hit the wight.
The wight is moderately damaged.
The wight closely misses you. x2
You barely miss the wight.
The wight is moderately damaged.
The wight barely misses you.
You closely miss the wight.
The wight is moderately damaged.
The wight closely misses you.
The wight hits you with a +2 dire flail.
You feel drained.
You slash the wight!
You destroy the wight!
You closely miss the wight. The wight misses you. The wight barely misses you.
You barely miss the wight. The wight hits you with a +3 battleaxe!
You feel drained.
You barely miss the wight. The wight misses you.
You barely miss the wight. The wight barely misses you.
The wight hits you with a +3 battleaxe!
* * * LOW HITPOINT WARNING * * *
A demonic guardian appears!
You feel drained.
* * * LOW HITPOINT WARNING * * *
Casting: Necrotise (safe; 1% risk of failure)
Confirm with . or Enter, or press ? or * to list all spells.
You can't see any susceptible monsters within range! (Use Z to cast anyway.) Unknown command.
The wight attacks as you move away! The wight hits you with a +3 battleaxe!
You die...
Your body rises from the dead as a mindless zombie.

#..8...._≈≈..# #.....#
##....≈≈≈≈≈≈..# #.....##
.>..≈≈≈≈≈≈≈...# #......
..............# z....
..............## ....
...............# #..#
..............## #..#
............######f.#
...###Z...### #.@zD.#
..#...Z#### ###.###.#
###...#######..4##..####
...............^#.....P##
...)))....§..≈≈.....PPP.#
.........>§..#≈_....._P.#
...<...).....≈.≈≈#Z.PPP.#
##.####........^.....PP##
##.# #..........#.##.##


You could see a steam dragon, a sleepcap, a wight (ally target) and a friendly
ice devil (summoned).

Vanquished Creatures
  A water moccasin (D:6)
  A black bear (D:4)
  A phantom (D:5)
  A bullfrog (D:6)
  3 scorpions
  4 wights (D:6)
  4 hounds
  A jelly (D:6)
  An orc priest (D:5)
  2 iguanas
  2 orc wizards
  9 mummies (Ossuary)
  5 gnolls
  5 adders
  A shadow imp (D:5)
  A worm (D:2)
  2 dart slugs
  24 orcs
  5 bats
  9 endoplasms
  3 giant cockroaches
  6 hobgoblins
  2 jackals (D:1)
  6 kobolds
  8 quokkas
  4 ball pythons
  8 frilled lizards
  5 goblins
  2 goblin skeletons (Ossuary)
  2 kobold skeletons (Ossuary)
  5 orc skeletons
  An orc zombie (D:4)
  4 rats
  11 rat skeletons (Ossuary)
149 creatures vanquished.

Vanquished Creatures (collateral kills)
  A water moccasin (D:5)
  2 ogres
  A phantom (D:6)
  An elf skeleton (D:4)
  2 orc priests
  A sleepcap (D:6)
  A human skeleton (D:4)
  An orc wizard (D:5)
  3 mummies (Ossuary)
  A gnoll (D:2)
  A white imp (D:3)
  2 orcs
  A ball python (D:2)
  2 jackals (D:1)
  A frilled lizard (D:1)
  A gnoll skeleton (Ossuary)
  A kobold skeleton (Ossuary)
23 creatures vanquished.

Vanquished Creatures (others)
  A bullfrog zombie (D:6)
  A hound zombie (D:5)
  An iguana zombie (D:6)
  10 orc zombies
  2 gnoll zombies (D:5)
15 creatures vanquished.

Grand Total: 187 creatures vanquished

Notes
Turn   | Place    | Note
-------+----------+-------------------------------------------
     0 | D:1      | Bronimir the Demonspawn Necromancer began the quest for the
                  | Orb.
     0 | D:1      | Reached XP level 1. HP: 13/13 MP: 3/3
   132 | D:1      | Gained mutation: You have a pair of small antennae on your
                  | head. [demonic ancestry]
   132 | D:1      | Reached XP level 2. HP: 13/19 MP: 1/5
   553 | D:1      | Reached skill level 5 in Necromancy
   840 | D:1      | Gained mutation: A weak demonic guardian rushes to your
                  | aid. [demonic ancestry]
   840 | D:1      | Reached XP level 3. HP: 24/24 MP: 3/6
  1249 | D:3      | Learned a level 3 spell: Vampiric Draining
  1392 | D:3      | Found a large runed translucent door.
  1392 | D:3      | Found a large runed translucent door.
  1411 | D:3      | Gained mutation: A demonic guardian rushes to your aid.
                  | [demonic ancestry]
  1411 | D:3      | Reached XP level 4. HP: 12/30 MP: 0/8
  1998 | D:2      | Gained mutation: You are partially covered in molten
                  | scales. (AC +2) [demonic ancestry]
  1998 | D:2      | Reached XP level 5. HP: 36/36 MP: 7/10
  2439 | D:3      | Found a snail-covered altar of Cheibriados.
  2543 | D:3      | Found a faded altar of an unknown god.
  2550 | D:3      | Found an opulent altar of Gozag.
  2803 | D:3      | Noticed cdecastro's ghost (weakling AtWr)
  2883 | D:3      | Learned a level 4 spell: Animate Dead
  2972 | D:4      | Reached skill level 6 in Necromancy
  3109 | D:4      | Noticed a black bear
  3118 | D:4      | Killed a black bear
  3119 | D:4      | Reached XP level 6. HP: 25/42 MP: 11/12
  3493 | D:4      | Found a sand-covered staircase.
  3498 | Ossuary  | Entered an ossuary
  3754 | Ossuary  | Reached skill level 1 in Polearms
  3922 | Ossuary  | Reached skill level 1 in Fighting
  3942 | Ossuary  | Reached XP level 7. HP: 31/48 MP: 14/14
  5244 | D:4      | Found a staircase to the Ecumenical Temple.
  5254 | D:4      | Reached skill level 5 in Spellcasting
  5259 | Temple   | Entered the Ecumenical Temple
  5302 | Temple   | Became a worshipper of Yredelemnul the Dark
  5366 | D:5      | Entered Level 5 of the Dungeon
  5372 | D:5      | Reached skill level 7 in Necromancy
  5643 | D:5      | Noticed rozman's ghost (amateur AtTm)
  5645 | D:5      | Found a runed translucent door.
  5660 | D:5      | Reached * piety under Yredelemnul
  5954 | D:5      | Reached XP level 8. HP: 56/56 MP: 16/16
  6054 | D:5      | Reached ** piety under Yredelemnul
  6339 | D:5      | Identified a scroll of acquirement
  6339 | D:5      | Acquired 853 gold pieces
  6493 | D:4      | Learned a level 5 spell: Agony
  6746 | D:6      | Found a stormy altar of Qazlal.
  6847 | D:6      | Reached skill level 1 in Invocations
  7008 | D:6      | Found a sacrificial altar of Ru.
  7044 | D:6      | Found an ornate altar of the Wu Jian Council.
  7274 | D:6      | Found a blossoming altar of Fedhas.
  7317 | D:6      | Mangled by a wight

Illustrated notes

Levels and vault maps discovered:
D:1:      scummos_arrival_hexagon, layout_rooms
D:2:      layout_loops_ring
D:3:      layout_rooms, cheibriados_altar_1,
          nicolae_gozag_cash_rules_everything_around_me,
          ebering_ghost_disaster_area, basic_ecumenical_altar
D:4:      layout_basic, minmay_temple_entry_proselytizer,
          nicolae_ossuary_entry_catacombs
D:5:      layout_loops_ring, hellmonk_ghost_happy_afterlife
D:6:      layout_rooms, grunt_temple_overflow_forces_of_nature,
          mainiacjoe_overflow_cross_hatched, mainiacjoe_overflow_catwalk,
          chequers_temple_overflow_statue_of_worship,
          gammafunk_ghost_necromancy, minivault_24, hangedman_decor_points
Temple:   chequers_temple_sunken

Skill      XL: |  1  2  3  4  5  6  7  8 |
---------------+-------------------------+-----
Necromancy     | 5 6 7 |  7.7
Dodging        | 2 3 4 |  4.2
Spellcasting   | 3 4 5 6 |  6.1
Polearms       | 1 2 4 |  4.3
Fighting       | 1 2 |  2.6
Stealth        | 2 |  2.4
Invocations    | 2 |  2.4
Short Blades   | |  0.2

Action                     |  1- 3 |  4- 6 |  7- 9 || total
---------------------------+-------+-------+-------++-------
  Melee: Unarmed           |    23 |       |       ||    23
         Punch             |     1 |       |       ||     1
         Hand axe          |     8 |       |       ||     8
         Dagger            |     8 |     4 |       ||    12
         Glaive            |       |    66 |   283 ||   349
   Cast: Necrotise         |    72 |    78 |     9 ||   159
         Vampiric Draining |       |     1 |    22 ||    23
         Animate Dead      |       |       |     5 ||     5
    Use: Scroll            |       |     2 |     5 ||     7
         Potion            |       |       |     6 ||     6
   Stab: Sleeping          |       |       |     6 ||     6
 Armour: Robe              |    14 |    38 |   116 ||   168
  Dodge: Dodged            |    33 |    67 |   197 ||   297
